AoeStats
← THIAGO

Arabia

510449915Analyzed
4v4 RM · 9h ago on Oct 1, 2026· 37m 5s· 8 players
Game mode
Random Map
Map size
Large (8 player)
Population
200
Speed
Normal
Resources
Standard
Victory
Conquest
Starting age
Dark Age
Ending age
Imperial Age
RankedLock teamsTeams togetherTeam positionsShared explorationLock speedFull tech treeHidden civsTurbo modeCheats
Victory
Defeat
🇧🇷 Franks · Brazil
823
+17
🇧🇷 Sicilians · Brazil
818
+17
🇧🇷 Lithuanians · Brazil
803
+18
🇧🇷 Cumans · Brazil
731
+20
🇨🇱 Huns · Chile
900
-21
🇦🇺 Turks · Australia
880
-20
🇨🇴 Ethiopians · Colombia
872
-19
🇨🇱 Franks · Chile
691
-12
Drakula Kill
11:48 Feudal Age
20:10 Double-Bit Axe
20:58 Forging
20:49 Scale Mail Armor
21:23 Horse Collar
27:45 Castle Age
25:45 Gold Mining
30:19 Iron Casting
30:00 Chain Mail Armor
joselitopereirajr
11:36 Feudal Age
16:05 Castle Age
16:07 Horse Collar
20:50 Scale Barding Armor
22:15 Forging
23:48 Chain Barding Armor
THIAGO
7:34 Loom
10:09 Feudal Age
17:35 Double-Bit Axe
22:34 Castle Age
21:54 Wheelbarrow
22:35 Scale Barding Armor
24:37 Bow Saw
24:22 Gold Mining
29:44 Gold Shaft Mining
29:49 Forging
32:14 Hand Cart
32:02 Stone Mining
Que vc se lasque
8:06 Loom
10:55 Feudal Age
11:46 Double-Bit Axe
11:40 Man-at-Arms
18:34 Horse Collar
19:49 Scale Mail Armor
21:29 Forging
21:32 Gold Mining
26:00 Castle Age
24:23 Stone Mining
29:12 Gold Shaft Mining
28:52 Scale Barding Armor
30:40 Wheelbarrow
29:31 Elite Skirmisher
30:24 Bloodlines
35:23 Heavy Plow
36:08 Chain Barding Armor
36:24 Iron Casting
36:05 Chain Mail Armor
35:51 Padded Archer Armor
JÄGGERMEISTER |
1:21 Loom
12:14 Feudal Age
21:35 Castle Age
19:39 Padded Archer Armor
23:22 Leather Archer Armor
22:58 Fletching
24:07 Crossbowman
32:27 Gold Mining
fer.fuentes.g90
1:32 Loom
12:32 Feudal Age
14:29 Wheelbarrow
15:07 Town Watch
21:25 Double-Bit Axe
26:50 Stone Mining
26:51 Gold Mining
27:03 Arson
26:42 Man-at-Arms
29:37 Castle Age
30:57 Hand Cart
32:05 Gold Shaft Mining
31:45 Bow Saw
31:42 Squires
31:04 Pikeman
31:30 Gambesons
31:06 Long Swordsman
31:53 Husbandry
31:15 Light Cavalry
33:25 Fortified Wall
34:14 Town Patrol
Patoko6966
1:27 Loom
10:40 Feudal Age
11:09 Double-Bit Axe
11:06 Horse Collar
12:05 Wheelbarrow
22:16 Castle Age
20:42 Bloodlines
20:31 Town Watch
21:19 Forging
21:00 Fletching
23:15 Bow Saw
23:19 Husbandry
24:00 Light Cavalry
25:42 Hand Cart
27:40 Bodkin Arrow
PACKITUP
1:48 Loom
10:47 Feudal Age
11:57 Double-Bit Axe
13:09 Horse Collar
21:16 Castle Age
21:01 Bloodlines
21:03 Forging
20:59 Scale Barding Armor
22:14 Bow Saw
22:44 Husbandry
24:26 Padded Archer Armor
25:36 Fletching
Connection lost

Rejoining the realm…

Still unreachable

The connection could not be restored.

Session expired

The server has moved on; the page needs a fresh start.